 Dungeon Crawl Stone Soup version 0.30-a0-715-gdb4ae3ece1 (webtiles) character file.

Game seed: 2440336228194922592

575 Darius099 the Ruffian (level 7, -2/67 HPs)
             Began as a Troll Monk on Jan 23, 2023.
             Slain by a wraith (9 damage)
             ... on level 5 of the Dungeon on Jan 24, 2023.
             The game lasted 00:16:25 (3084 turns).

Darius099 the Ruffian (Troll Monk)                  Turns: 3084, Time: 00:16:26

Health: -2/67      AC:  5    Str: 20    XL:     7   Next: 12%
Magic:  7/7        EV: 11    Int:  6    God:
Gold:   281        SH:  0    Dex: 14    Spells: 9/9 levels left

rFire   . . .      SeeInvis .      - Unarmed
rCold   . . .      Faith    .    (no shield)
rNeg    . . .      Spirit   .    a - +0 robe
rPois   +          Reflect  .    A - +0 hat
rElec   .          Harm     .    f - +0 cloak
rCorr   .          Rampage  .    (gloves unavailable)
Will    +....                    (boots unavailable)
Stlth   ++                       (no amulet)
HPRegen 1.11/turn                q - ring of willpower
MPRegen 0.10/turn                y - ring of flight

@: flying, hasted and slowed
A: large, unfitting armour, claws 3, regeneration 1, shaggy fur 1, tough skin 1,
talons 1, low MP 1, poison resistance
a: no special abilities


You were on level 5 of the Dungeon.
You visited 1 branch of the dungeon, and saw 5 of its levels.

You collected 281 gold pieces.

Inventory:

Missiles
 t - 2 silver javelins (quivered)
Armour
 a - a +0 robe (worn)
 f - a +0 cloak (worn)
 A - a +0 hat (worn)
Jewellery
 q - a ring of willpower (left claw)
 y - a ring of flight (right claw)
Wands
 u - a wand of light (6)
 x - a wand of paralysis (11)
Scrolls
 g - a scroll of torment {unknown}
 h - a scroll of brand weapon {unknown}
 i - a scroll of amnesia {unknown}
 j - a scroll of fear {unknown}
 m - 4 scrolls of teleportation {unknown}
 n - 2 scrolls of noise {unknown}
 o - a scroll of summoning {unknown}
 p - 2 scrolls of identify {unknown}
 r - a scroll of enchant armour {unknown}
 v - a scroll of vulnerability {unknown}
 w - a scroll of magic mapping {unknown}
Potions
 b - a potion of ambrosia
 c - a potion of magic {unknown}
 d - a potion of curing {unknown}
 e - a potion of mutation
 k - a potion of haste
 l - a potion of lignification {unknown}
 s - 2 potions of attraction {unknown}
 z - a potion of heal wounds {unknown}
 B - a potion of resistance {unknown}


   Skills:
 + Level 3.5 Fighting
 + Level 2.1 Armour
 + Level 3.5 Dodging
 + Level 2.2 Stealth
 + Level 4.3 Unarmed Combat
 + Level 1.5 Spellcasting


You had 9 spell levels left.
You didn't know any spells.
Your spell library contained the following spells:

 Spells                   Type           Power      Damage    Failure   Level
 Static Discharge         Conj/Air       0%         2-2/arc   54%         2
 Ignite Poison            Fire/Tmut/Pois 0%         N/A       78%         3
 Kindle Blastsparks       Fire/Tloc/Air  0%         2d10      78%         3
 Vhi's Electric Charge    Tloc/Air       0%         N/A       78%         3
 Arcjolt                  Conj/Air       0%         1d10      100%        5
 Freezing Cloud           Conj/Ice/Air   0%         6-21      100%        5
 Lightning Bolt           Conj/Air       0%         1d11      100%        5


Dungeon Overview and Level Annotations

Branches:
Dungeon (5/15)
 Temple: D:4-7

Altars:
Ru


Innate Abilities, Weirdness & Mutations

You are too large for most types of armour.
You have claws for hands.
Your natural rate of healing is unusually fast.
You are covered in fur. (AC +1)
You have tough skin. (AC +1)
You have sharp toenails.
Your magical capacity is low. (-10% MP)
Your system is resistant to poisons. (rPois)


Message History

Sorry, you're not good enough to have a special ability.
It was a potion of mutation.
You feel extremely strange.
Your toenails lengthen and sharpen.
You feel less energetic.
You feel resistant to poisons. The wraith hits you.
* * * LOW HITPOINT WARNING * * *
The wraith drains your vigour!
You feel as though you will be slow longer.
The wraith closely misses you.
It was a potion of haste.
You feel yourself speed up. The wraith barely misses you. The wraith hits you!
* * * LOW HITPOINT WARNING * * *
The wraith drains your vigour!
You feel as though you will be slow longer.
The wraith attacks as you move away! The wraith hits you.
* * * LOW HITPOINT WARNING * * *
The wraith drains your vigour!
You feel as though you will be slow longer.
The wraith attacks as you move away! The wraith hits you.
* * * LOW HITPOINT WARNING * * *
The wraith drains your vigour!
You feel as though you will be slow longer.
The wraith attacks as you move away! The wraith hits you but does no damage.
You claw the wraith! You claw the wraith.
The wraith is heavily damaged.
The wraith barely misses you.
You scratch the wraith but do no damage.
You claw the wraith. x2
The wraith is severely damaged.
The wraith hits you.
* * * LOW HITPOINT WARNING * * *
The wraith drains your vigour!
You feel as though you will be slow longer.
You barely miss the wraith. Your kick misses the wraith.
The wraith is severely damaged.
The wraith hits you but does no damage.
You scratch the wraith but do no damage.
The wraith is severely damaged.
The wraith hits you!
You die...

#.###..#.# ##.....
#.###....# #####Yo....
#.##.....# #. ##))..J#.#.>
#.##.....###....
##).#####.### #.##.........#
#..## #o#
#.##.....#########J## #J#
#....##..### #....# #)#
####...))..####....#######.#
#####)....@Wo............
#......######.#######>#
#....#..#####.##### #..
#....##...........# #..
#....####.........# #..
#....# #.........# ######
###########


You could see a wraith, an orc warrior and a jelly.

Vanquished Creatures
  A necrophage (D:4)
  A scorpion (D:5)
  A jelly (D:5)
  An orc priest (D:5)
  An iguana (D:4)
  3 orc wizards
  Terence (D:3)
  Natasha (thrice) (D:3)
  Robin (D:3)
  7 adders
  An ufetubus (D:5)
  2 worms (D:2)
  15 orcs
  8 ball pythons
  10 endoplasms
  2 giant cockroaches
  13 goblins
  9 hobgoblins
  3 jackals (D:1)
  5 kobolds
  2 quokkas (D:1)
  2 bats
  2 frilled lizards
  6 rats
100 creatures vanquished.

Notes
Turn   | Place    | Note
-------+----------+-------------------------------------------
     0 | D:1      | Darius099 the Troll Monk began the quest for the Orb.
     0 | D:1      | Reached XP level 1. HP: 22/22 MP: 0/0
   128 | D:1      | Reached XP level 2. HP: 29/29 MP: 1/1
   512 | D:1      | Reached XP level 3. HP: 36/36 MP: 2/2
  1257 | D:2      | Reached XP level 4. HP: 42/44 MP: 3/3
  1672 | D:3      | Reached skill level 1 in Armour
  1737 | D:3      | Reached XP level 5. HP: 47/51 MP: 4/4
  1780 | D:3      | Found a sacrificial altar of Ru.
  1803 | D:3      | Noticed Robin
  1831 | D:3      | Killed Robin
  2105 | D:3      | Noticed Natasha
  2109 | D:3      | Killed Natasha
  2198 | D:3      | Noticed Natasha
  2212 | D:3      | Killed Natasha
  2213 | D:3      | Reached skill level 1 in Spellcasting
  2260 | D:3      | Noticed Terence
  2265 | D:3      | Killed Terence
  2266 | D:3      | Reached XP level 6. HP: 61/61 MP: 6/6
  2296 | D:3      | Identified the +1 leather armour of Viagarr {Harm rC+ Will-
                  | Slay+3}
  2472 | D:3      | Noticed Natasha
  2479 | D:3      | Killed Natasha
  2514 | D:4      | Reached skill level 4 in Unarmed Combat
  2885 | D:5      | Entered Level 5 of the Dungeon
  3016 | D:5      | Reached XP level 7. HP: 67/67 MP: 8/8
  3037 | D:5      | Noticed a wraith
  3071 | D:5      | Gained mutation: You have sharp toenails. [potion of
                  | mutation]
  3071 | D:5      | Gained mutation: Your magical capacity is low. (-10% MP)
                  | [potion of mutation]
  3071 | D:5      | Gained mutation: Your system is resistant to poisons.
                  | (rPois) [potion of mutation]
  3076 | D:5      | HP: 3/67 [wraith (3)]
  3084 | D:5      | Slain by a wraith

Illustrated notes

Levels and vault maps discovered:
D:1:      onia_arrival_pyramid, layout_basic
D:2:      layout_basic
D:3:      layout_loops_ring, nicolae_ru_sacrificial_ziggurat, uniq_natasha,
          uniq_robin, uniq_terence
D:4:      layout_rooms, eino_tiny_chamber
D:5:      layout_rooms, temple_fountains

Skill      XL: |  1  2  3  4  5  6 |
---------------+-------------------+-----
Armour         | 1 2 |  2.1
Dodging        | 3 |  3.5
Fighting       | 3 |  3.5
Spellcasting   | 1 |  1.5
Unarmed Combat | 4 |  4.3
Stealth        | 2 |  2.2

Action                     |  1- 3 |  4- 6 |  7- 9 || total
---------------------------+-------+-------+-------++-------
  Melee: Unarmed           |   113 |   161 |    22 ||   296
         Punch             |     2 |     4 |     1 ||     7
         Kick              |       |       |     2 ||     2
    Use: Potion            |       |       |     2 ||     2
   Stab: Sleeping          |     6 |     2 |       ||     8
 Armour: Robe              |    44 |    70 |     6 ||   120
  Dodge: Dodged            |    42 |    80 |    10 ||   132

Table legend: (Time is in decaauts)
 A = Elapsed time spent in this place.
 B = Non-inter-level travel time spent in this place.
 C = Inter-level travel time spent in this place.
 D = Time resting spent in this place.
 E = Time spent auto-exploring this place.
 F = Levels seen in this place.
 G = Mean time per level.
                   A        B        C        D        E       F      G
               +--------+--------+--------+--------+--------+-----+--------+
         Total |   3072 |   2971 |    101 |      0 |    697 |   5 |  614.4 |
       Dungeon |   3072 |   2971 |    101 |      0 |    697 |   5 |  614.4 |
               +--------+--------+--------+--------+--------+-----+--------+

Top non-repeatable levels by time:
     D:1: 882 daAuts
     D:3: 876 daAuts
     D:2: 740 daAuts
     D:4: 374 daAuts
     D:5: 197 daAuts
